 Dungeon Sprint DCSS version 0.27.1 (webtiles) character file.

Game seed: 13485943116626561691

5394 styxcanada the Imperceptible (level 10, -7/82 HPs)
             Began as a Spriggan Brigand on Sept 1, 2021.
             Was an Initiate of Gozag.
             Mangled by Agnes (9 damage)
             ... in the Dungeon (Sprint IV: "Fedhas' Mad Dash").
             The game lasted 00:10:12 (1606 turns).

styxcanada the Imperceptible (Spriggan Brigand)     Turns: 1606, Time: 00:10:13

Health: -7/82      AC:  5    Str:  7    XL:     10   Next: 40%
Magic:  11/11      EV: 26    Int: 13    God:    Gozag
Gold:   1171       SH: 10    Dex: 20    Spells: 9/9 levels left

rFire    . . .     SeeInvis +   a - +2 dagger (vorpal)
rCold    . . .     Faith    .   o - +2 buckler
rNeg     + . .     Spirit   .   j - +2 robe {Will+}
rPois    .         Reflect  .   (helmet restricted)
rElec    .         Harm     .   c - +0 cloak
rCorr    .         Rampage  .   (gloves unavailable)
Will     ++...     NoTele   +   (boots unavailable)
Stlth    ..........             m - amulet of invisibility {+Inv}
HPRegen  0.23/turn              q - ring of positive energy
MPRegen  0.12/turn              (no ring)

@: berserking, very slightly contaminated, invisible, very quick
A: very small, no large weapons, unfitting armour, see invisible, speed 3,
screaming 1
a: Renounce Religion, Evoke Invisibility, Potion Petition, Call Merchant, Bribe
Branch


You were in the Dungeon.
You worshipped Gozag.
Gozag was most pleased with you.
You visited 1 branch You collected 2159 gold pieces.
You spent 421 gold pieces at shops.
You paid 567 gold pieces to Gozag.

Inventory:

Hand Weapons
 a - a +2 vorpal dagger (weapon)
 b - a +6 long sword of electrocution
Missiles
 l - 38 stones (quivered)
 s - 12 sling bullets
Armour
 c - a +0 cloak (worn)
 j - a +2 robe of willpower (worn)
 o - a +2 buckler (worn)
Jewellery
 m - the amulet of invisibility (around neck) {+Inv}
   (You found it in the Dungeon)

   [amulet of nothing]

   +Inv:      It lets you turn invisible.
 q - a ring of positive energy (left hand)
 t - a ring of magical power
Wands
 p - a wand of flame (10)
Scrolls
 k - 2 scrolls of enchant weapon
 n - 2 scrolls of identify
 r - a scroll of fear
Potions
 f - 2 potions of curing
 g - a potion of heal wounds
 h - a potion of haste
 i - 2 potions of magic


   Skills:
 * Level 7.1 Fighting
 + Level 5.6 Short Blades
 + Level 5.4 Throwing
 * Level 11.0 Dodging
 * Level 23.4 Stealth
 * Level 5.3 Shields
 * Level 12.7 Evocations


You had 9 spell levels left.
You didn't know any spells.
Your spell library contained the following spells:

 Spells                   Type           Power      Damage    Failure   Level
 Magic Dart               Conj           0%         1d3       34%         1
 Call Imp                 Summ           0%         N/A       45%         2
 Mephitic Cloud           Conj/Pois/Air  0%         N/A       71%         3


Dungeon Overview and Level Annotations

Branches:
Dungeon (1/1)

Altars:
Cheibriados
Dithmenos
Elyvilon
Gozag
Hepliaklqana
Kikubaaqudgha
Makhleb
Nemelex Xobeh
Okawaru
Qazlal
Ru
Sif Muna
Trog
Uskayaw
Vehumet
Wu Jian
Xom
Yredelemnul
Zin
The Shining One
Beogh
Jiyva
Lugonu

Shops:
D *?[?[*

Annotations:
D Agnes


Innate Abilities, Weirdness & Mutations

You are very small and have problems with some larger weapons.
You are too small for most types of armour.
You have supernaturally acute eyesight. (SInv)
You cover ground extremely quickly. (Speed+++)
You occasionally shout uncontrollably at your foes.


Message History

[a] - 567 gold - heal wounds, curing, berserk rage and magic [b] - 510 gold - lignification, might and resistance [c] - 336 gold - might, brilliance and invisibility Purchase which effect?
You feel much better.
You feel better.
A red film seems to cover your vision as you go berserk!
You feel yourself moving faster!
You feel mighty! Magic courses through your body.
Agnes says, "I despise a dishonourable opponent."
Agnes hits you with a +0 lajatang!! Agnes completely misses you.
You puncture Agnes!
Agnes is lightly wounded.
You miss Agnes.
Agnes is lightly wounded.
Agnes barely misses you.
You hit Agnes.
Agnes is lightly wounded.
You block Agnes's attack.
You barely miss Agnes.
Agnes is lightly wounded.
Agnes barely misses you. You block Agnes's attack.
You hit Agnes.
Agnes is lightly wounded.
You miss Agnes.
Agnes is lightly wounded.
Agnes hits you with a +0 lajatang!!
You barely miss Agnes.
Agnes is lightly wounded.
Agnes hits you with a +0 lajatang!!
* * * LOW HITPOINT WARNING * * *
You completely miss Agnes.
Agnes is lightly wounded.
Agnes hits you with a +0 lajatang!
* * * LOW HITPOINT WARNING * * *
You closely miss Agnes.
Agnes is lightly wounded.
Agnes says, "It is my duty to kill you, but also my pleasure."
Agnes hits you with a +0 lajatang!
You die...
Your body crumbles into a pile of gold.

#################################
#<.†.#.....#.....#.⌠._._._._.⌠.#.
#P...'.....'.#.).'.._._._._._..'.
#PPPP#.....#.#...#..._._._._...#.
###############'##.._._._._._..#.
#...♣......).'...#._._._._._.⌠.##
#......♣.....#...################
#.....♣..♣..######♣♣♣♣♣..♣(###.'.
##'####'######.[@i..(.(♣..♣##..#.
#..#....'....)..#♣..♣♣♣.♣).###.##
#.[#.[###.......#.♣♣..♣...♣'.((#♣
#######*########################.
*,,,,,,,,,,,,,,,,,,,,,,* ***,i♣
*∩,,,,,,,,,,,,,,,,,,,,,*****,,.♣.
*∩,,,,,,,,,,,,,,,,,,,,,,,,,,,..,♣
*∩,,,,,,,,,,,,,,,,,,,,,,,***##**#
***********+************** ******


You could see Agnes.

Vanquished Creatures
  A spriggan druid (D)
  6 oklob plants (D)
  A demonic crawler (D)
  3 wandering mushrooms (D)
  A queen bee (D)
  3 burning bushes (D)
  A hornet (D)
  3 scorpions (D)
  4 killer bees (D)
  5 oklob saplings (D)
  5 spriggans (D)
  A river rat (D)
  A rat (D)
  A ballistomycete spore (D)
36 creatures vanquished.

Vanquished Creatures (others)
  2 fungi (D)
2 creatures vanquished.

Grand Total: 38 creatures vanquished

Notes
Turn   | Place    | Note
-------+----------+-------------------------------------------
     0 | D        | styxcanada the Spriggan Brigand began the quest for the
                  | Orb.
     0 | D        | Reached XP level 1. HP: 10/10 MP: 2/2
    19 | D        | Reached skill level 6 in Stealth
    20 | D        | Reached skill level 8 in Stealth
    20 | D        | Reached XP level 2. HP: 8/15 MP: 3/3
   160 | D        | Noticed an oklob sapling
   162 | D        | Killed an oklob sapling
   163 | D        | Reached skill level 9 in Stealth
   163 | D        | Reached XP level 3. HP: 19/19 MP: 4/4
   164 | D        | Noticed a scorpion
   164 | D        | Found the amulet of invisibility {+Inv}
   166 | D        | Killed a scorpion
   167 | D        | Reached skill level 11 in Stealth
   167 | D        | Reached XP level 4. HP: 23/23 MP: 5/5
   188 | D        | Found an opulent altar of Gozag.
   188 | D        | Found a hazy altar of Hepliaklqana.
   188 | D        | Found a burning altar of Makhleb.
   188 | D        | Found a sparkling altar of Nemelex Xobeh.
   188 | D        | Found a snail-covered altar of Cheibriados.
   188 | D        | Found a sacrificial altar of Ru.
   188 | D        | Found a shimmering blue altar of Sif Muna.
   188 | D        | Found a shimmering altar of Xom.
   188 | D        | Found a basalt altar of Yredelemnul.
   189 | D        | Found a viscous altar of Jiyva.
   189 | D        | Found a bloodstained altar of Trog.
   189 | D        | Found an ornate altar of the Wu Jian Council.
   190 | D        | Found an iron altar of Okawaru.
   190 | D        | Found a shadowy altar of Dithmenos.
   190 | D        | Found a glowing silver altar of Zin.
   191 | D        | Found an ancient bone altar of Kikubaaqudgha.
   191 | D        | Found a hide-covered altar of Uskayaw.
   192 | D        | Found a stormy altar of Qazlal.
   192 | D        | Found a white marble altar of Elyvilon.
   192 | D        | Found a glowing golden altar of the Shining One.
   193 | D        | Became a worshipper of Gozag Ym Sagoz the Greedy
   194 | D        | Found a corrupted altar of Lugonu.
   194 | D        | Found a radiant altar of Vehumet.
   198 | D        | Reached skill level 13 in Stealth
   198 | D        | Reached XP level 5. HP: 28/28 MP: 3/6
   257 | D        | Reached skill level 5 in Dodging
   257 | D        | Reached skill level 1 in Evocations
   265 | D        | Reached skill level 14 in Stealth
   266 | D        | Reached skill level 15 in Stealth
   266 | D        | Reached XP level 6. HP: 33/33 MP: 5/7
   288 | D        | Found Doewne Durch's Magic Scroll Shop.
   288 | D        | Found Ocroy's General Store.
   294 | D        | Bought a scroll of identify for 24 gold pieces
   295 | D        | Bought a scroll of identify for 22 gold pieces
   295 | D        | Bought a scroll of identify for 22 gold pieces
   315 | D        | Noticed a burning bush
   315 | D        | Noticed a wandering mushroom
   316 | D        | Noticed a wandering mushroom
   319 | D        | Killed a burning bush
   320 | D        | Reached skill level 16 in Stealth
   320 | D        | Reached skill level 1 in Shields
   320 | D        | Killed a wandering mushroom
   321 | D        | Reached skill level 17 in Stealth
   321 | D        | Reached skill level 5 in Evocations
   321 | D        | Reached XP level 7. HP: 38/38 MP: 5/8
   323 | D        | Reached skill level 5 in Throwing
   323 | D        | Reached skill level 18 in Stealth
   333 | D        | Killed a wandering mushroom
   334 | D        | Reached skill level 5 in Fighting
   347 | D        | Found Wiowol's Armour Shoppe.
   348 | D        | Found Yteddij's Magic Scroll Emporium.
   355 | D        | Bought a scroll of identify for 22 gold pieces
   355 | D        | Bought a scroll of identify for 22 gold pieces
   395 | D        | Reached XP level 8. HP: 43/43 MP: 6/9
   403 | D        | Noticed a queen bee
   416 | D        | Reached skill level 19 in Stealth
   418 | D        | Killed a queen bee
   465 | D        | Gained mutation: You occasionally shout uncontrollably at
                  | your foes. [mutagenic glow]
   741 | D        | Noticed an oklob plant
   744 | D        | Killed an oklob plant
   745 | D        | Reached skill level 20 in Stealth
   810 | D        | Noticed a burning bush
   831 | D        | Killed a burning bush
   832 | D        | Reached XP level 9. HP: 48/48 MP: 8/10
   880 | D        | Noticed a burning bush
   880 | D        | Noticed an oklob plant
   881 | D        | Noticed a wandering mushroom
   882 | D        | Killed a burning bush
   883 | D        | Reached skill level 5 in Short Blades
   887 | D        | Killed an oklob plant
   888 | D        | Reached skill level 21 in Stealth
   891 | D        | Killed a wandering mushroom
   892 | D        | Reached skill level 10 in Evocations
   958 | D        | Noticed a spriggan druid
   960 | D        | Killed a spriggan druid
   961 | D        | Reached skill level 10 in Dodging
   961 | D        | Reached skill level 22 in Stealth
  1040 | D        | Noticed an oklob plant conjurer
  1042 | D        | Killed an oklob plant conjurer
  1283 | D        | Noticed an oklob plant
  1283 | D        | Noticed an oklob plant summoner
  1284 | D        | Noticed an oklob plant shifter
  1288 | D        | Killed an oklob plant
  1289 | D        | Reached XP level 10. HP: 53/53 MP: 8/11
  1290 | D        | Killed an oklob plant summoner
  1293 | D        | Killed an oklob plant shifter
  1294 | D        | Reached skill level 5 in Shields
  1316 | D        | Reached skill level 23 in Stealth
  1381 | D        | Noticed a spriggan rider
  1382 | D        | Found Cegupt's Armour Emporium.
  1386 | D        | Found Zuanuc's Assorted Antiques.
  1517 | D        | Bought a lumpy orange potion for 23 gold pieces
  1517 | D        | Bought 2 scrolls labelled BOGRAO VAIV for 52 gold pieces
  1517 | D        | Bought a runed tourmaline ring for 130 gold pieces
  1517 | D        | Bought a scroll labelled MUEBOXTYFOAS for 26 gold pieces
  1517 | D        | Bought a potion of curing for 78 gold pieces
  1567 | D        | Noticed Agnes
  1568 | D        | Noticed a spriggan berserker
  1605 | D        | HP: 2/82 [Agnes (11)]
  1606 | D        | Mangled by Agnes

Illustrated notes

Levels and vault maps discovered:
D:        dungeon_sprint_fedhas [sprint_temple]

Skill      XL: |  1  2  3  4  5  6  7  8  9 10 |
---------------+-------------------------------+-----
Stealth        | 8 9 11 13 15 17 18 20 22 23 | 23.4
Fighting       | 2 3 4 5 6 7 |  7.1
Dodging        | 2 3 4 5 7 9 10 11 | 11.0
Short Blades   | 3 4 5 |  5.6
Throwing       | 3 4 5 |  5.4
Evocations     | 1 5 8 11 12 | 12.7
Shields        | 2 3 4 5 |  5.3

Action                   |  1- 3 |  4- 6 |  7- 9 | 10-12 || total
-------------------------+-------+-------+-------+-------++-------
Melee: Dagger            |     2 |     7 |    72 |    14 ||    95
Throw: Dart              |     9 |       |       |    18 ||    27
       Stone             |       |       |       |     3 ||     3
Invok: Potion Petition   |       |       |       |     1 ||     1
 Abil: Evoke Invisibilit |       |     3 |     8 |     2 ||    13
Evoke: Wand              |       |       |       |     5 ||     5
  Use: Scroll            |       |       |     2 |     7 ||     9
       Potion            |       |       |     1 |       ||     1
 Stab: Sleeping          |     2 |     7 |     9 |     4 ||    22
       Invisible         |       |       |     8 |       ||     8
Armor: Robe              |       |       |       |     1 ||     1
Dodge: Dodged            |     3 |     1 |    41 |    16 ||    61
Block: Buckler           |       |       |    19 |    13 ||    32
